 Dungeon Crawl Stone Soup version 0.24-a0-458-gfcb5e6da0e (webtiles) character file.

Game seed: 658657432638950350

11433 Mrkan the Blocker (level 11, -1/94 HPs)
             Began as a Troll Abyssal Knight on June 27, 2019.
             Was a High Priest of Lugonu.
             Slain by a blink frog (9 damage)
             ... on level 1 of the Lair of Beasts.
             The game lasted 00:28:15 (9553 turns).

Mrkan the Blocker (Troll Abyssal Knight)            Turns: 9553, Time: 00:28:16

Health: -1/94      AC:  6    Str: 22    XL:     11   Next: 49%
Magic:  0/16       EV:  9    Int: 11    God:    Lugonu [*****.]
Gold:   665        SH: 22    Dex:  9    Spells: 10/10 levels left

rFire    + . .     SeeInvis .     - Unarmed
rCold    . . .     Gourm    +   s - +1 large shield
rNeg     . . .     Faith    .   a - +0 robe
rPois    .         Spirit   +   (helmet restricted)
rElec    .         Reflect  +   f - scarf {Spirit}
rCorr    .         Harm     .   (gloves unavailable)
MR       .....                  (boots unavailable)
Stlth    +.........             C - +3 amulet of reflection
HPRegen  0.65/turn              n - ring of protection from fire
MPRegen  0.15/turn              (no ring)

@: very slightly contaminated, invisible
A: large, unfitting armour, claws 3, fast metabolism 3, gourmand, regeneration
1, shaggy fur 1, tough skin 3
a: Depart the Abyss, Bend Space, Banish, Corrupt, Enter the Abyss, Renounce
Religion


You were on level 1 of the Lair of Beasts.
You worshipped Lugonu.
Lugonu was extremely pleased with you.
You were very full.

You visited 2 branches of the dungeon, and saw 12 of its levels.
You visited the Abyss 1 time.

You collected 916 gold pieces.
You spent 251 gold pieces at shops.

Inventory:

Missiles
 l - 5 javelins
 v - 8 boomerangs (quivered)
Armour
 a - a +0 robe (worn)
 f - a scarf of spirit shield (worn)
 s - a +1 large shield (worn)
Jewellery
 j - an uncursed amulet of regeneration
 n - a ring of protection from fire (left claw)
 C - a +3 amulet of reflection (around neck)
 D - an uncursed ring of wizardry
Wands
 g - a wand of paralysis (7)
 u - a wand of digging (6)
 A - a wand of disintegration (8)
 E - a wand of iceblast (7)
Scrolls
 c - 3 scrolls of identify
 d - 3 scrolls of magic mapping
 i - 7 scrolls of remove curse
 k - a scroll of amnesia
 q - 2 scrolls of fog
 x - 2 scrolls of teleportation
 y - 4 scrolls of noise
 z - a scroll of blinking
 G - a scroll of enchant weapon {unknown}
Potions
 e - 3 potions of curing
 h - a potion of resistance
 m - a potion of ambrosia
 o - 3 potions of haste
 p - 2 potions of flight
 r - 2 potions of lignification
 w - a potion of degeneration
 B - 3 potions of mutation
 I - a potion of might {unknown}
Comestibles
 b - 12 rations
 t - 7 chunks of flesh


   Skills:
 - Level 2.4 Fighting
 - Level 1.9 Dodging
 - Level 11.3 Shields
 * Level 8.7 Unarmed Combat
 - Level 8.4 Invocations


You had 10 spell levels left.
You didn't know any spells.
Your spell library contained the following spells:

 Spells                   Type           Power        Failure   Level  Hunger
 Sandblast                Erth           #.....       58%         1    ##.....
 Passwall                 Tmut/Erth      #.......     75%         2    ###....
 Stone Arrow              Conj/Erth      #.....       92%         3    ####...
 Petrify                  Tmut/Erth      #.......     100%        4    #####..
 Lee's Rapid Deconstruct  Erth           #.........   100%        5    ######.


Dungeon Overview and Level Annotations

Branches:
Dungeon (10/15)            Temple (0/1) D:6            Lair (2/6) D:10
    Orc (0/2) D:9
  Swamp: Lair:2-4    Shoals: Lair:2-4     Snake: Lair:2-4    Spider: Lair:2-4

Altars:
Ashenzari
Cheibriados
Elyvilon
Fedhas
Kikubaaqudgha
Makhleb
Okawaru
Qazlal
Ru
Uskayaw
Vehumet
Zin
The Shining One

Shops:
D:5 *   D:7 :=   D:8 (

Annotations:
D:5 1 runed translucent door, loom's ghost, amateur DECj
D:7 2 transporters, Lexodia's ghost, novice GnTm
D:9 exclusion: 2 oklob plants


Innate Abilities, Weirdness & Mutations

You are too large for most types of armour.
You have claws for hands.
Your metabolism is lightning-fast.
You like to eat raw meat.
Your natural rate of healing is unusually fast.
You are covered in fur. (AC +1)
You have extremely tough skin. (AC +3)


Message History

The blink frog hits you!
* * * LOW HITPOINT WARNING * * *
The blink frog blinks!
You block the blink frog's attack. x3; The blink frog hits you!
* * * LOW HITPOINT WARNING * * *
The blink frog blinks! x2; The blink frog hits you.
* * * LOW HITPOINT WARNING * * *
The blink frog blinks!
You climb upwards.
There is a stone staircase leading down here.
You fade into invisibility!
The blink frog barely misses you. You block the blink frog's attack.
The blink frog hits you.
* * * LOW HITPOINT WARNING * * *
You are very lightly contaminated with residual magic.
You block the blink frog's attack. You block the blink frog's attack.
You block the blink frog's attack. The blink frog hits you!
You die...

#.)............+........
#.........#####.........
#.........P# #.........
#..F......## ##........
###.####### ##.'.####
##.#### ##...# #..F..#
##..# #####F## ##.#
######.@## ##..#
#.#.#.#+.#########.#.###
#.........##.##.##......
##......(.###<..........
#........'...####......
#........###.# #......
#P##.##### ### #######
######


You could see 2 blink frogs.

Vanquished Creatures
  A two-headed ogre (D:10)
  A komodo dragon (Lair:1)
  4 hornets (D:9)
  4 blink frogs (Lair:1)
  2 hippogriffs
  6 yaks
  A wyvern (D:7)
  A basilisk (Lair:1)
  2 hungry ghosts (D:7)
  Menkaure (D:5)
  3 water moccasins
  2 porcupines (Lair:1)
  3 ice beasts (D:6)
  An orc warrior (D:7)
  4 sky beasts
  2 phantoms
  8 ogres
  A necrophage (D:9)
  8 wolves (Lair:1)
  A crocodile (D:9)
  2 big kobolds (D:9)
  11 bullfrogs
  A water moccasin skeleton (D:7)
  A troll zombie (D:9)
  5 wights (D:6)
  5 howler monkeys
  2 crimson imps
  A centaur zombie (D:6)
  2 hounds
  5 orc priests
  2 jellies
  10 orc wizards
  Natasha (D:2)
  An iron imp (D:7)
  3 iguanas
  7 worker ants
  A killer bee zombie (D:6)
  5 ogre zombies (D:9)
  2 hound zombies
  A hound skeleton (D:6)
  3 gnolls (D:6)
  10 adders
  3 shadow imps
  4 oozes
  An adder skeleton (D:7)
  3 adder zombies (D:6)
  3 worms
  A dart slug (D:3)
  6 leopard geckos
  25 orcs
  10 bats
  4 giant cockroaches
  14 goblins
  6 hobgoblins
  14 jackals
  9 quokkas
  5 ball pythons
  7 frilled lizards
  A giant cockroach zombie (D:5)
  3 goblin skeletons (D:9)
  2 hobgoblin skeletons (D:9)
  A hobgoblin zombie (D:9)
  11 kobolds
  2 leopard gecko skeletons (D:5)
  A leopard gecko zombie (D:5)
  3 orc skeletons (D:9)
  10 orc zombies (D:9)
  10 rats
296 creatures vanquished.

Vanquished Creatures (others)
  A hydra (Lair:1)
  2 two-headed ogres (D:8)
  2 hungry ghosts (D:9)
  A kobold (D:9)
  2 fungi (Lair:1)
  2 plants
10 creatures vanquished.

Grand Total: 306 creatures vanquished

Notes
Turn   | Place    | Note
-------+----------+-------------------------------------------
     0 | Abyss:1  | Mrkan the Troll Abyssal Knight began the quest for the Orb.
     0 | Abyss:1  | Reached XP level 1. HP: 22/22 MP: 1/1
    33 | Abyss:1  | Noticed a hellwing
    38 | D:1      | Escaped the Abyss
    83 | D:1      | Reached * piety under Lugonu
    83 | D:1      | Reached XP level 2. HP: 23/29 MP: 2/2
   377 | D:1      | Reached XP level 3. HP: 29/36 MP: 3/3
   718 | D:2      | Reached ** piety under Lugonu
   769 | D:2      | Reached XP level 4. HP: 44/44 MP: 4/4
   769 | D:2      | Noticed Natasha
   776 | D:2      | Killed Natasha
  1315 | D:3      | Reached XP level 5. HP: 48/50 MP: 6/6
  1487 | D:3      | Found a shattered altar of Ashenzari.
  1490 | D:3      | Found a stormy altar of Qazlal.
  1490 | D:3      | Found an iron altar of Okawaru.
  1491 | D:3      | Found a blossoming altar of Fedhas.
  1491 | D:3      | Found a hide-covered altar of Uskayaw.
  1591 | D:3      | Reached *** piety under Lugonu
  2029 | D:3      | Found a burning altar of Makhleb.
  2038 | D:3      | Reached skill level 5 in Unarmed Combat
  2165 | D:4      | Found a glowing silver altar of Zin.
  2165 | D:4      | Noticed an angel
  2190 | D:4      | Noticed an ogre
  2202 | D:4      | Killed an ogre
  2202 | D:4      | Reached XP level 6. HP: 29/59 MP: 7/7
  2356 | D:4      | Reached skill level 1 in Shields
  2356 | D:4      | Reached XP level 7. HP: 64/66 MP: 9/9
  2684 | D:5      | Entered Level 5 of the Dungeon
  2776 | D:5      | Reached skill level 2 in Shields
  2855 | D:5      | Found Neab's General Store.
  2957 | D:5      | Reached skill level 3 in Shields
  3305 | D:5      | Found a runed translucent door.
  3305 | D:5      | Noticed loom's ghost (amateur DECj)
  3411 | D:5      | Noticed Menkaure
  3426 | D:5      | Killed Menkaure
  3426 | D:5      | Reached skill level 5 in Invocations
  3426 | D:5      | Reached XP level 8. HP: 45/74 MP: 5/10
  3662 | D:6      | Reached skill level 4 in Shields
  3741 | D:6      | Reached **** piety under Lugonu
  3872 | D:6      | Reached skill level 5 in Shields
  4008 | D:6      | Reached skill level 6 in Shields
  4181 | D:6      | Found an ancient bone altar of Kikubaaqudgha.
  4234 | D:6      | Reached XP level 9. HP: 80/80 MP: 12/12
  4257 | D:6      | Found a staircase to the Ecumenical Temple.
  4677 | D:7      | Found a shattered altar of Ashenzari.
  4682 | D:7      | Found a transporter.
  4686 | D:7      | Noticed Lexodia's ghost (novice GnTm)
  4796 | D:7      | Reached skill level 7 in Shields
  4804 | D:7      | Found a transporter.
  4815 | D:7      | Reached ***** piety under Lugonu
  4867 | D:7      | Found Arphokh's Book Shop.
  4985 | D:7      | Found Pait's Jewellery Emporium.
  4990 | D:7      | Bought a +3 amulet of reflection for 251 gold pieces
  5156 | D:7      | Found a snail-covered altar of Cheibriados.
  5287 | D:7      | Reached skill level 8 in Shields
  5312 | D:7      | Found a white marble altar of Elyvilon.
  5643 | D:8      | Found Veneox's Antique Weapon Emporium.
  5779 | D:8      | Noticed a two-headed ogre
  5782 | D:8      | Banished a two-headed ogre
  5782 | D:8      | Reached XP level 10. HP: 88/88 MP: 14/14
  5895 | D:8      | Noticed a two-headed ogre
  5913 | D:8      | Banished a two-headed ogre
  6107 | D:9      | Found a staircase to the Orcish Mines.
  6128 | D:9      | Reached skill level 9 in Shields
  6674 | D:9      | Found a glowing golden altar of the Shining One.
  6689 | D:9      | Found a radiant altar of Vehumet.
  6690 | D:9      | Found a sacrificial altar of Ru.
  7445 | D:9      | Found a blossoming altar of Fedhas.
  7447 | D:9      | Noticed an oklob plant
  7447 | D:9      | Noticed an oklob plant
  7452 | D:9      | HP: 4/88 [acid (13)]
  7564 | D:9      | Paralysed by a hornet for 3 turns
  7572 | D:9      | Reached skill level 10 in Shields
  7676 | D:9      | Paralysed by a hornet for 1 turns
  7772 | D:10     | Entered Level 10 of the Dungeon
  7820 | D:10     | Noticed a two-headed ogre
  7845 | D:10     | Killed a two-headed ogre
  7900 | D:10     | Found a staircase to the Lair.
  8011 | Lair:1   | Entered Level 1 of the Lair of Beasts
  8196 | Lair:1   | Reached skill level 11 in Shields
  8196 | Lair:1   | Reached XP level 11. HP: 37/94 MP: 5/16
  8219 | Lair:1   | HP: 4/94 [blink frog (8)]
  8289 | Lair:1   | Noticed an eight-headed hydra
  8506 | Lair:1   | Banished an eight-headed hydra
  9405 | Lair:2   | Noticed a five-headed hydra
  9474 | Lair:2   | Banished a five-headed hydra
  9540 | Lair:2   | HP: 2/94 [blink frog (8)]
  9553 | Lair:1   | Slain by a blink frog

Levels and vault maps discovered:
D:1:      dpeg_arrival_orchard, layout_basic, serial_bayou_crossing
D:2:      kennysheep_the_goblin_king, layout_rooms, uniq_natasha
D:3:      layout_loops_ring, makhleb_blood_cavern_becter,
          grunt_temple_overflow_open, minmay_quantized
D:4:      layout_basic, zin_angel, serial_shops, nicolae_shop_waterfront
D:5:      layout_loops_corners, gammafunk_ghost_grave, first_ration,
          kennysheep_small_square, uniq_menkaure
D:6:      minmay_polygon_palace, layout_cave_pods, minmay_temple_entry_arrows,
          serial_park, serial_park_tiny_pond, serial_park_gazebo
          [serial_park_minivault_5x5_4]
D:7:      layout_loops_ring, slow_altar_2, basic_altar,
          gammafunk_ghost_stat_death, serial_shops, shop_fountains,
          nicolae_shop_statue_plus, ashenzari_altar_1
D:8:      layout_basic, serial_shops, kennysheep_little_box
D:9:      layout_basic, minitemple, zombieorc1_lemuel,
          hangedman_pestilent_swarm, minivault_23, hangedman_tree_tricks
D:10:     layout_cave_pods, dpeg_oklobed_lair, uniq_josephine
Lair:1:   layout_roguey
Lair:2:   layout_cave_pods, swamp_mist, minmay_shattered_shrine, uniq_erica

Skill      XL: |  1  2  3  4  5  6  7  8  9 10 11 |
---------------+----------------------------------+-----
Invocations    | 2 3 4 5 6 7 8 |  8.4
Unarmed Combat | 3 4 5 6 8 |  8.7
Shields        | 1 3 6 8 11 | 11.3
Fighting       | |  2.4
Dodging        | |  1.9

Action                   |  1- 3 |  4- 6 |  7- 9 | 10-12 || total
-------------------------+-------+-------+-------+-------++-------
Melee: Unarmed           |   117 |   167 |   410 |   603 ||  1297
       Punch             |       |     1 |       |       ||     1
Invok: Depart the Abyss  |     1 |       |       |       ||     1
       Banish            |       |       |       |    10 ||    10
  Use: Scroll            |       |    16 |     1 |     9 ||    26
       Potion            |       |       |       |     9 ||     9
  Eat: Chunk             |    12 |    16 |    44 |    29 ||   101
       Ration            |       |       |       |     5 ||     5
Armor: Robe              |    57 |    72 |    69 |    70 ||   268
       Skin              |       |       |       |     5 ||     5
Dodge: Dodged            |    75 |    44 |    59 |   104 ||   282
Block: Large shield      |       |    87 |   269 |   663 ||  1019
       Reflection        |       |       |       |     9 ||     9

Table legend:
 A = Non-vault XP
 B = Vault XP
 C = Vault XP percentage of total XP
 D = Non-vault monster count
 E = Vault monster count
 F = Vault count percentage of total count
                 A         B        C        D         E       F
            +---------+---------+-------+---------+---------+-------
      Total |   13564 |    2769 |  17.0 |     239 |      64 |  21.1
            +---------+---------+-------+---------+---------+-------
        D:1 |      43 |       0 |   0.0 |      23 |       0 |   0.0
        D:2 |      91 |      52 |  36.4 |      32 |       8 |  20.0
        D:3 |      87 |      61 |  41.2 |      21 |       5 |  19.2
        D:4 |     545 |       0 |   0.0 |      12 |       0 |   0.0
        D:5 |     328 |     291 |  47.0 |      15 |       3 |  16.7
        D:6 |    1130 |     572 |  33.6 |      27 |      14 |  34.1
        D:7 |    1720 |      39 |   2.2 |      23 |       1 |   4.2
        D:8 |    1571 |       0 |   0.0 |      15 |       0 |   0.0
        D:9 |    1063 |    1754 |  62.3 |      32 |      33 |  50.8
       D:10 |    1133 |       0 |   0.0 |       7 |       0 |   0.0
     Lair:1 |    4766 |       0 |   0.0 |      28 |       0 |   0.0
     Lair:2 |    1087 |       0 |   0.0 |       4 |       0 |   0.0
            +---------+---------+-------+---------+---------+-------
